 Dungeon Crawl Stone Soup version 0.20.1-1-g8b1a95d (webtiles) character file.

1160 letownia2 the Reanimator (level 8, 36/67 HPs)
             Began as a Deep Dwarf Necromancer on Nov 7, 2017.
             Quit the game on level 6 of the Dungeon.
             The game lasted 00:11:31 (4055 turns).

letownia2 the Reanimator (Deep Dwarf Necromancer)   Turns: 4055, Time: 00:11:32

Health: 36/67      AC:  7    Str: 12    XL:     8   Next: 16%
Magic:  7/14       EV:  9    Int: 18    God:
Gold:   199        SH:  0    Dex: 13    Spells: 11/15 levels left

rFire    . . .     SeeInvis .   a - +2 dagger (speed)
rCold    . . .     Gourm    +   (no shield)
rNeg     . . .     Faith    .   y - +0 scale mail
rPois    .         Spirit   .   (no helmet)
rElec    .         Reflect  .   (no cloak)
rCorr    .         Harm     .   (no gloves)
MR       +....                  (no boots)
Stlth    +.........             r - amulet of the gourmand
Regen    0.0/turn               (no ring)
MPRegen  0.2/turn               (no ring)

@: non-regenerating
A: damage resistance, heal wounds, sense surroundings 1, no regeneration
a: Heal Wounds


You were on level 6 of the Dungeon.
You were full.

You visited 1 branch of the dungeon, and saw 6 of its levels.

You collected 199 gold pieces.

Inventory:

Hand Weapons
 a - a +2 dagger of speed (weapon)
 b - a +1 spear
 o - a +0 flail
 x - a +1 flail of draining
 D - a +0 battleaxe
 E - a +3 hunting sling
Missiles
 f - a throwing net (quivered)
 h - 9 tomahawks
 s - 6 curare-tipped needles
Armour
 l - a +0 ring mail
 u - a +2 robe of resistance
 y - a +0 scale mail (worn)
 z - a +2 robe of magic resistance
Jewellery
 r - an amulet of the gourmand (around neck)
Wands
 m - a wand of polymorph (7/24)
 B - a wand of iceblast (9/15)
Scrolls
 j - a scroll of enchant weapon
 k - 2 scrolls of recharging {unknown}
 n - 3 scrolls of teleportation {unknown}
 q - 2 scrolls of blinking {unknown}
Potions
 e - a potion of invisibility {unknown}
 g - 2 potions of berserk rage {unknown}
 i - 2 potions of mutation {unknown}
 p - a potion of ambrosia {unknown}
 v - a potion of heal wounds {unknown}
 A - a potion of cancellation {unknown}
 C - a potion of degeneration {unknown}
 F - a potion of curing {unknown}
 H - a potion of agility {unknown}
Books
 t - a book of Necromancy

   Spells                             Type                      Level
   a - Pain                           Necromancy                   1
   b - Animate Skeleton               Necromancy                   1
   c - Vampiric Draining              Necromancy                   3
   d - Regeneration                   Charms/Necromancy            3
   e - Animate Dead                   Necromancy                   4
   f - Control Undead                 Necromancy                   4
Comestibles
 c - 3 bread rations
 d - 2 royal jellies
 G - a meat ration


   Skills:
 + Level 2.2 Fighting
 - Level 4.4 Armour
 - Level 2.1 Dodging
 - Level 2.4 Stealth
 + Level 4.3 Spellcasting
 + Level 8.6 Necromancy


You had 11 spell levels left.
You knew the following spells:

 Your Spells              Type           Power        Failure   Level  Hunger
a - Pain                  Necr           ####         1%          1    None
v - Vampiric Draining     Necr           #####.....   5%          3    ###....


Dungeon Overview and Level Annotations

Branches:
Dungeon (6/15)
 Temple: D:4-7

Altars:
Makhleb
Qazlal
Ru

Annotations:
D:6 Dowan, Duvessa, Prince Ribbit


Innate Abilities, Weirdness & Mutations

You are resistant to damage.
You can heal yourself by infusing magical energy.
You passively map a small area around you.
You do not regenerate.


Message History

Are you sure you want to abandon this character and quit the game? (Confirm with "yes".)
Okay, then.
Unknown command.
Put on which piece of jewellery? (? for menu, Esc to quit)
Okay, then.
Okay, then.
As you read the scroll labeled TAPUAWK WUEKK, it crumbles to dust.
You hear a loud clanging noise!
It was a scroll of noise.
Duvessa hits you with a short sword. Duvessa barely misses you.
As you read the scroll labeled KESERCHECZIFF, it crumbles to dust.
You assume a fearsome visage.
Duvessa looks frightened!
It was a scroll of fear.
As you read the scroll labeled GUJIELU OFFU, it crumbles to dust.
Wisps of shadow whirl around you...
It was a scroll of summoning.
Duvessa hits your jackal with a short sword!
Your jackal dies!
Your jackal's corpse dissolves into shadows!
Unknown command.
Are you sure you want to abandon this character and quit the game? (Confirm with "yes".)

.# #e.# * * , ...
#..# ,, .... #..# *
* .....,#..# ,* ,
......#e.### * *
..>...Fe.h.#
.######..#l########
, #.h.........# *
#..#@######.#
#..#O######.#
#........##.#
#..#........#
#..#.###.##.#
#..#.# #.##.#
#..#.# #.##.#
#..#.# #.##.#
#..#.###.##.#####


You could see Prince Ribbit, Duvessa (fleeing), Dowan, a friendly ogre, a
friendly leopard gecko and 2 friendly jackals.

Vanquished Creatures
  Sigmund (D:4)
  3 ogres (D:4)
  Blork the orc (D:5)
  A water moccasin skeleton (D:4)
  3 scorpions
  2 orc priests (D:4)
  A centaur skeleton (D:5)
  2 bullfrog skeletons (D:5)
  An iguana (D:4)
  Ijyb (D:4)
  4 orc wizards
  2 worker ants
  A hound zombie (D:5)
  A hound skeleton (D:4)
  3 gnolls
  3 adders
  2 oozes
  An adder zombie (D:5)
  A worm (D:4)
  A dart slug (D:1)
  5 leopard geckos
  13 orcs
  A giant cockroach (D:3)
  A hobgoblin (D:1)
  2 jackals (D:5)
  2 bats (D:1)
  5 frilled lizards
  2 kobolds
  A leopard gecko skeleton (D:4)
  A quokka skeleton (D:4)
  A rat (D:1)
69 creatures vanquished.

Notes
Turn   | Place    | Note
-------+----------+-------------------------------------------
     0 | D:1      | letownia2 the Deep Dwarf Necromancer began the quest for the Orb.
     0 | D:1      | Reached XP level 1. HP: 15/15 MP: 3/3
   210 | D:1      | Reached XP level 2. HP: 22/22 MP: 1/5
   419 | D:2      | Reached skill level 5 in Necromancy
   419 | D:2      | Reached XP level 3. HP: 17/28 MP: 1/6
   426 | D:1      | Learned a level 3 spell: Vampiric Draining
   897 | D:4      | Noticed a scorpion
   940 | D:4      | Killed a scorpion
   940 | D:4      | Reached skill level 6 in Necromancy
   940 | D:4      | Reached XP level 4. HP: 22/36 MP: 0/7
  1112 | D:4      | Noticed Edmund
  1188 | D:4      | Noticed Ijyb
  1202 | D:4      | Killed Ijyb
  1288 | D:4      | Found a stormy altar of Qazlal.
  1288 | D:4      | Noticed a phantom
  1458 | D:4      | Reached XP level 5. HP: 6/42 MP: 0/9
  1652 | D:4      | Reached skill level 1 in Armour
  1797 | D:4      | Reached skill level 1 in Fighting
  1944 | D:4      | Reached XP level 6. HP: 48/51 MP: 5/10
  2134 | D:4      | Reached skill level 7 in Necromancy
  2477 | D:4      | Reached XP level 7. HP: 44/60 MP: 1/12
  2601 | D:4      | Noticed Edmund
  2601 | D:4      | Edmund changed into Edmund the ogre
  2608 | D:4      | Killed Edmund the ogre
  2749 | D:4      | Noticed Sigmund
  2774 | D:4      | Killed Sigmund
  3201 | D:5      | Entered Level 5 of the Dungeon
  3307 | D:5      | Reached skill level 8 in Necromancy
  3413 | D:5      | Noticed Blork the orc
  3445 | D:5      | Killed Blork the orc
  3445 | D:5      | Reached XP level 8. HP: 52/67 MP: 6/14
  3554 | D:5      | Found a sacrificial altar of Ru.
  3854 | D:5      | Found a burning altar of Makhleb.
  3854 | D:5      | Noticed a cacodemon
  4035 | D:6      | Noticed Prince Ribbit
  4038 | D:6      | Noticed Dowan
  4041 | D:6      | Noticed Duvessa
  4055 | D:6      | Quit the game

Skill      XL: |  1  2  3  4  5  6  7 |
---------------+----------------------+-----
Spellcasting   | 2 3 4 |  4.3
Necromancy     | 5 6 7 8 |  8.6
Armour         | 1 2 4 |  4.4
Fighting       | 1 2 |  2.2
Dodging        | |  2.1
Stealth        | |  2.4

Action                   |  1- 3 |  4- 6 |  7- 9 || total
-------------------------+-------+-------+-------++-------
Melee: Spear             |    15 |    28 |       ||    43
       Dagger            |       |    22 |   107 ||   129
Throw: Throwing net      |     1 |       |       ||     1
 Cast: Pain              |    46 |    31 |    25 ||   102
       Vampiric Draining |     6 |    21 |    28 ||    55
Evoke: Wand              |       |     2 |     1 ||     3
  Use: Scroll            |       |     1 |     3 ||     4
 Stab: Sleeping          |     1 |       |       ||     1
  Eat: Chunk             |     1 |     8 |    16 ||    25
Armor: Robe              |     3 |       |       ||     3
       Ring mail         |       |    33 |    12 ||    45
       Scale mail        |       |       |    40 ||    40
Dodge: Dodged            |    30 |    45 |    56 ||   131
